Map: Nightshade LE

Players

IIIIIIIIIIII - Winner!

  • Race: Protoss Protoss
  • League: Master
  • Spawn Location: 5:00

Nathanias

  • Race: Terran Terran
  • League: Master
  • Spawn Location: 11:00

VOD

Have the link to the VOD?

Description

Time

  • Played on: Feb. 21, 2020, 4:06 p.m.
  • Length: 8:15
Show
View Real Time Build Order
Export as new Build Order

IIIIIIIIIIII Protoss - Winner!

Build Orders: 1 Gate Expand 

Get SALT Encoding   

  12  0:00  Probe  
  13  0:12  Probe  
  14  0:16  Pylon  
  14  0:24  Probe (Chrono Boost)  
  15  0:37  Gateway, Probe (Chrono Boost)  
  16  0:44  Probe (Chrono Boost)  
  16  0:46  Assimilator  
  17  0:51  Probe  
  18  1:03  Probe  
  19  1:15  Probe  
  20  1:23  Nexus  
  20  1:33  Cybernetics Core  
  20  1:35  Probe  
  21  1:40  Assimilator  
  21  1:47  Probe  
  21  1:50  Pylon  
  22  1:59  Probe  
  23  2:08  Stalker (Chrono Boost)  
  23  2:14  Probe  
  26  2:18  Robotics Facility  
  26  2:19  Warp Gate  
  26  2:27  Shield Battery  
  26  2:33  Adept (Chrono Boost)  
  29  2:37  Probe  
  29  2:40  Probe  
  30  2:49  Probe  
  31  2:53  Probe  
  32  2:58  Adept (Chrono Boost)  
  32  3:01  Probe  
  32  3:05  Probe  
  36  3:13  Probe  
  36  3:16  Observer  
  36  3:17  Probe  
  39  3:25  Probe  
  40  3:29  Probe  
  41  3:37  Gateway, Probe  
  41  3:41  Probe  
  43  3:42  Gateway  
  43  3:44  Pylon  
  43  3:49  Probe, Observer  
  45  3:57  Probe (Chrono Boost)  
  45  4:01  Probe (Chrono Boost)  
  46  4:03  Observer  
  46  4:08  Gateway  
  46  4:09  Stalker  
  48  4:10  Gateway  
  48  4:12  Probe (Chrono Boost)  
  50  4:22  Pylon  
  51  4:28  Pylon  
  49  4:32  Twilight Council  
  49  4:33  Gateway  
  49  4:37  Observer, Stalker  
  53  4:40  Stalker x2  
  53  4:41  Immortal (Chrono Boost)  
  59  5:01  Sentry  
  59  5:02  Zealot  
  59  5:03  Zealot x2  
  59  5:05  Charge (Chrono Boost)  
  67  5:08  Assimilator  
  67  5:10  Probe  
  68  5:16  Pylon  
  68  5:17  Pylon, Probe  
  69  5:25  Observer  
  69  5:35  Gateway x2  
  69  5:37  Stalker x4  
  76  5:49  Probe  
  70  6:02  Zealot x5  
  79  6:11  Pylon  
  79  6:16  Stalker  
  81  6:21  Pylon  
  81  6:22  Observer  
  81  6:23  Stalker  
  83  6:37  Zealot x3  
  89  6:48  Stalker x2  
  79  6:55  Zealot x2  
  79  7:00  Zealot  
  71  7:03  Sentry x2  
  71  7:08  Zealot  
  69  7:13  Zealot  
  71  7:19  Zealot x2  
  71  7:21  Zealot x2  
  61  7:31  Zealot x2  
  61  7:32  Zealot  
  47  7:39  Stalker  
  47  7:41  Stalker  
  47  7:46  Zealot  
  49  7:56  Zealot x2  
  46  8:07  Sentry  
  46  8:08  Sentry  
Show
View Real Time Build Order
Export as new Build Order

Nathanias Terran 

Build Orders: Banshee Rush 

Get SALT Encoding   

  12  0:00  SCV  
  13  0:13  SCV  
  14  0:17  Supply Depot  
  14  0:25  SCV  
  15  0:29  Refinery  
  15  0:39  SCV  
  16  0:45  Barracks  
  16  0:51  SCV  
  17  1:03  SCV  
  18  1:15  SCV  
  19  1:32  Refinery, Marine  
  19  1:33  Orbital Command  
  19  1:39  Factory  
  20  1:45  Supply Depot  
  20  1:50  Marine  
  21  2:00  SCV  
  22  2:08  Marine  
  22  2:12  SCV  
  24  2:22  Bunker  
  24  2:24  SCV  
  25  2:30  Starport  
  25  2:33  Factory Tech Lab  
  25  2:37  Marine  
  25  2:40  SCV  
  27  2:45  Supply Depot  
  27  2:53  SCV  
  27  2:57  Factory Tech Lab  
  28  3:01  Barracks Reactor  
  28  3:05  SCV  
  29  3:14  Supply Depot  
  29  3:15  Banshee  
  29  3:18  Cloaking Field  
  32  3:23  SCV  
  33  3:28  Siege Tank  
  36  3:37  Supply Depot  
  36  3:47  SCV  
  37  3:49  Marine x2  
  39  3:59  SCV  
  39  4:00  Supply Depot, Siege Tank  
  43  4:07  Marine x2  
  45  4:11  SCV  
  45  4:17  Banshee  
  46  4:23  SCV  
  50  4:25  Marine  
  50  4:29  Marine  
  52  4:32  Siege Tank  
  52  4:37  SCV  
  56  4:41  Supply Depot  
  56  4:43  Marine  
  57  4:47  Marine  
  58  4:53  Supply Depot  
  58  4:57  SCV  
  58  4:59  Banshee  
  59  5:00  Marine  
  59  5:04  Marine  
  64  5:09  Supply Depot  
  64  5:18  Marine  
  65  5:25  Siege Tank  
  65  5:26  Marine  
  69  5:36  Marine  
  69  5:42  Banshee  
  70  5:43  Marine  
  74  5:54  Marine  
  75  6:01  Marine  
  75  6:03  Siege Tank  
  79  6:12  SCV, Marine  
  81  6:19  Marine  
  81  6:23  Supply Depot  
  81  6:24  SCV  
  83  6:29  Marine  
  84  6:36  SCV  
  84  6:37  Marine  
  84  6:47  Marine  
  77  6:55  Marine  
  56  7:05  Marine  
  53  7:10  SCV  
  53  7:13  Marine  
  53  7:23  Marine  
  44  7:30  Marine  
  35  7:39  SCV  
  35  7:41  Marine  
  37  7:48  Marine  
Tags
 
Add a new tag
Caveats
  • Supply blocks, unpowered buildings, or Contaminate may cause inaccurate times.
  • Supply counts are checked every 10 seconds.